[ AOE2 MATCH · #485507399 ]
Team RMLithuanians vs Khmer
[ REPLAY ANALYSIS · EXTRACTED FROM THE RECORDED GAME ]
Feudal
11:00
Castle
14:30
Imperial
31:23
| APM avg | 26.6 |
| APM peak | 62 |
| eAPM avg | 16.2 |
| Villagers / military | 154 / 128 |
Focus
⚔️ 26.4% · 🌾 73.6%
Knight ×111 · Scout Cavalry ×6 · Skirmisher ×5 · Monk ×4 · Mangonel ×2
Feudal
11:03
Castle
14:59
Imperial
31:05
| APM avg | 27.4 |
| APM peak | 50 |
| eAPM avg | 18.8 |
| Villagers / military | 128 / 235 |
Focus
⚔️ 46.4% · 🌾 53.6%
Spearman ×104 · Knight ×61 · Scout Cavalry ×44 · Battering Ram ×12 · Battle Elephant ×7 · Scorpion ×5
Feudal
10:31
Castle
15:44
Imperial
31:11
| APM avg | 22.1 |
| APM peak | 38 |
| eAPM avg | 15.3 |
| Villagers / military | 122 / 348 |
Focus
⚔️ 27.9% · 🌾 72.1%
Scout Cavalry ×265 · Hand Cannoneer ×59 · Gbeto ×16 · Battering Ram ×4 · Trebuchet (Packed) ×3 · Spearman ×1
Feudal
10:08
Castle
14:25
Imperial
27:49
| APM avg | 61.7 |
| APM peak | 114 |
| eAPM avg | 33.5 |
| Villagers / military | 176 / 357 |
Focus
⚔️ 42.6% · 🌾 57.4%
Spearman ×195 · Archer ×88 · Skirmisher ×30 · Rattan Archer ×29 · Trebuchet (Packed) ×8 · Cavalry Archer ×3
Match map
Initial resources + every placement click. Lines = walls · curves = elevation contours. ◆ gold · ⬟ stone · ● berries · ✦ relic · ◌ wall gap
Your base· ✓ Closed at 14:30 · 4t walls · 5 gate(s)
ing.alexander02's base· ✓ Closed at 14:59 · 0t walls · 3 gate(s)
anpleee's base· ✓ Closed at 15:44 · 1t walls · 3 gate(s)
Marco Aurelio's base· ✓ Closed at 14:25 · 0t walls · 2 gate(s)
Smoothed initial terrain · ◌ = detected wall gap · hover for details
Inputs per minute
— OperadoR - - ing.alexander02
Build order — OperadoR
First 150 of 394 actions detected
| 0:00 | Create | Villager (Male) |
| 0:01 | Create | Villager (Male) |
| 0:01 | Create | Villager (Male) |
| 0:01 | Create | Villager (Male) |
| 0:03 | Build | House |
| 0:05 | Build | House |
| 0:24 | Create | Villager (Male) |
| 0:24 | Create | Villager (Male) |
| 1:30 | Create | Villager (Male) |
| 1:45 | Build | Lumber Camp |
| 2:12 | Create | Villager (Male) |
| 2:13 | Create | Villager (Male) |
| 2:52 | Create | Villager (Male) |
| 3:01 | Create | Villager (Male) |
| 3:32 | Build | House |
| 3:33 | Build | House |
| 3:34 | Create | Villager (Male) |
| 3:35 | Create | Villager (Male) |
| 3:54 | Create | Villager (Male) |
| 3:54 | Create | Villager (Male) |
| 4:17 | Build | Palisade Gate |
| 4:26 | Build | Mill |
| 4:51 | Build | Palisade Gate |
| 4:55 | Build | Palisade Wall |
| 4:58 | Build | Palisade Wall |
| 5:03 | Build | Palisade Wall |
| 5:06 | Build | Palisade Wall |
| 5:30 | Create | Villager (Male) |
| 5:30 | Create | Villager (Male) |
| 5:30 | Create | Villager (Male) |
| 5:37 | Create | Villager (Male) |
| 6:02 | Create | Villager (Male) |
| 6:56 | Create | Villager (Male) |
| 7:46 | Build | Mining Camp |
| 7:51 | Create | Villager (Male) |
| 7:52 | Create | Villager (Male) |
| 8:32 | Research | Feudal Age |
| 8:52 | Build | Barracks |
| 8:53 | Build | House |
| 9:51 | Create | Villager (Male) |
| 9:51 | Create | Villager (Male) |
| 10:15 | Build | Farm |
| 11:00 | Age | Feudal Age |
| 11:02 | Build | Stable |
| 11:05 | Build | Blacksmith |
| 11:47 | Research | Castle Age |
| 11:55 | Research | Double-Bit Axe |
| 12:00 | Build | Farm |
| 12:01 | Build | Farm |
| 12:14 | Create | Scout Cavalry |
| 12:22 | Build | House |
| 12:28 | Build | Farm |
| 12:46 | Build | Farm |
| 12:49 | Create | Villager (Male) |
| 13:02 | Build | House |
| 13:03 | Create | Scout Cavalry |
| 13:11 | Build | Farm |
| 13:21 | Build | Farm |
| 13:23 | Create | Scout Cavalry |
| 13:34 | Create | Villager (Male) |
| 13:47 | Build | House |
| 14:05 | Create | Scout Cavalry |
| 14:24 | Build | Stable |
| 14:26 | Build | House |
| 14:30 | Age | Castle Age |
| 14:39 | Build | Monastery |
| 15:02 | Create | Villager (Male) |
| 15:04 | Create | Scout Cavalry |
| 15:04 | Create | Scout Cavalry |
| 15:09 | Build | Farm |
| 15:10 | Build | Farm |
| 15:16 | Create | Villager (Male) |
| 15:19 | Create | Monk |
| 15:31 | Create | Villager (Male) |
| 15:33 | Build | Farm |
| 16:01 | Create | Villager (Male) |
| 16:06 | Create | Monk |
| 16:21 | Create | Villager (Male) |
| 16:22 | Create | Villager (Male) |
| 16:49 | Build | Town Center |
| 17:00 | Create | Monk |
| 17:04 | Create | Villager (Male) |
| 17:04 | Create | Villager (Male) |
| 17:07 | Build | Farm |
| 17:13 | Build | Farm |
| 17:14 | Create | Villager (Male) |
| 17:14 | Create | Villager (Male) |
| 17:18 | Create | Villager (Male) |
| 17:35 | Create | Monk |
| 17:57 | Research | Wheelbarrow |
| 18:15 | Create | Villager (Male) |
| 18:16 | Create | Villager (Male) |
| 18:20 | Create | Villager (Male) |
| 18:20 | Create | Villager (Male) |
| 18:29 | Build | House |
| 18:30 | Build | House |
| 18:44 | Create | Villager (Male) |
| 18:45 | Create | Villager (Male) |
| 18:51 | Build | Town Center |
| 19:00 | Research | Bow Saw |
| 19:26 | Build | Farm |
| 19:28 | Build | Farm |
| 19:33 | Build | Farm |
| 19:41 | Create | Villager (Male) |
| 19:41 | Create | Villager (Male) |
| 19:54 | Build | House |
| 20:43 | Research | Light Cavalry (upgrade) |
| 20:45 | Create | Villager (Male) |
| 20:46 | Create | Villager (Male) |
| 20:48 | Build | Farm |
| 20:48 | Build | Farm |
| 20:49 | Build | Farm |
| 20:49 | Build | Farm |
| 20:49 | Build | Farm |
| 21:42 | Create | Villager (Male) |
| 21:42 | Create | Villager (Male) |
| 21:42 | Create | Villager (Male) |
| 21:42 | Create | Villager (Male) |
| 21:55 | Build | Monastery |
| 21:56 | Create | Villager (Male) |
| 21:56 | Create | Villager (Male) |
| 21:56 | Create | Villager (Male) |
| 22:01 | Build | Farm |
| 22:01 | Build | Farm |
| 22:01 | Build | Farm |
| 22:01 | Build | Farm |
| 22:02 | Build | Farm |
| 22:02 | Build | Farm |
| 22:02 | Build | Farm |
| 22:02 | Build | Farm |
| 22:04 | Create | Villager (Male) |
| 22:04 | Create | Villager (Male) |
| 22:04 | Create | Villager (Male) |
| 22:32 | Create | Villager (Male) |
| 22:32 | Create | Villager (Male) |
| 22:33 | Create | Villager (Male) |
| 22:38 | Create | Villager (Male) |
| 22:38 | Create | Villager (Male) |
| 22:42 | Build | Farm |
| 22:44 | Build | Farm |
| 22:47 | Build | Mill |
| 22:47 | Build | Farm |
| 22:48 | Build | Farm |
| 22:48 | Build | Farm |
| 22:48 | Build | Farm |
| 22:48 | Build | Farm |
| 22:49 | Build | Farm |
| 22:50 | Create | Villager (Male) |
| 22:50 | Create | Villager (Male) |
| 22:50 | Create | Villager (Male) |
Build order — ing.alexander02
First 150 of 537 actions detected
| 0:00 | Create | Villager (Male) |
| 0:01 | Create | Villager (Male) |
| 0:01 | Create | Villager (Male) |
| 0:02 | Build | House |
| 0:04 | Build | House |
| 0:23 | Create | Villager (Male) |
| 1:29 | Create | Villager (Male) |
| 1:49 | Build | Lumber Camp |
| 2:01 | Create | Villager (Male) |
| 2:24 | Create | Villager (Male) |
| 2:48 | Create | Villager (Male) |
| 3:06 | Create | Villager (Male) |
| 3:46 | Create | Villager (Male) |
| 4:05 | Create | Villager (Male) |
| 4:24 | Build | Mill |
| 4:31 | Create | Villager (Male) |
| 4:40 | Build | House |
| 4:43 | Research | Loom |
| 5:00 | Create | Villager (Male) |
| 5:07 | Build | House |
| 5:12 | Create | Villager (Male) |
| 5:32 | Create | Villager (Male) |
| 5:52 | Create | Villager (Male) |
| 6:01 | Create | Villager (Male) |
| 6:12 | Build | House |
| 6:58 | Build | Mill |
| 7:04 | Create | Villager (Male) |
| 7:14 | Create | Villager (Male) |
| 7:38 | Create | Villager (Male) |
| 8:18 | Create | Villager (Male) |
| 8:35 | Research | Feudal Age |
| 8:45 | Build | Mining Camp |
| 9:15 | Build | Farm |
| 9:17 | Build | Farm |
| 10:52 | Create | Villager (Male) |
| 11:03 | Age | Feudal Age |
| 11:21 | Build | Market |
| 11:27 | Create | Villager (Male) |
| 11:51 | Research | Double-Bit Axe |
| 11:54 | Create | Villager (Male) |
| 12:11 | Research | Castle Age |
| 12:36 | Research | Horse Collar |
| 13:15 | Build | Lumber Camp |
| 13:52 | Build | Farm |
| 13:56 | Build | Farm |
| 14:19 | Create | Villager (Male) |
| 14:34 | Create | Villager (Male) |
| 14:59 | Create | Villager (Male) |
| 14:59 | Age | Castle Age |
| 15:01 | Build | Town Center |
| 15:12 | Build | Monastery |
| 15:22 | Create | Villager (Male) |
| 15:28 | Build | Stable |
| 15:31 | Create | Villager (Male) |
| 15:33 | Build | Farm |
| 15:48 | Build | House |
| 15:49 | Build | House |
| 15:55 | Build | Farm |
| 16:09 | Research | Wheelbarrow |
| 16:13 | Create | Villager (Male) |
| 16:13 | Create | Villager (Male) |
| 16:13 | Create | Villager (Male) |
| 16:18 | Create | Scout Cavalry |
| 16:24 | Build | House |
| 16:32 | Build | Stable |
| 16:42 | Build | Farm |
| 16:45 | Create | Villager (Male) |
| 16:47 | Create | Villager (Male) |
| 16:49 | Build | Farm |
| 17:01 | Create | Scout Cavalry |
| 17:10 | Build | Blacksmith |
| 17:16 | Create | Villager (Male) |
| 17:20 | Build | Farm |
| 17:26 | Create | Villager (Male) |
| 17:40 | Create | Villager (Male) |
| 17:42 | Build | Farm |
| 17:55 | Build | Farm |
| 17:58 | Build | Farm |
| 18:06 | Create | Villager (Male) |
| 18:07 | Create | Villager (Male) |
| 18:09 | Build | Farm |
| 18:12 | Build | Farm |
| 18:27 | Create | Villager (Male) |
| 18:29 | Build | Farm |
| 18:31 | Build | Farm |
| 18:37 | Build | Town Center |
| 18:53 | Create | Villager (Male) |
| 18:53 | Create | Villager (Male) |
| 18:55 | Build | Farm |
| 19:00 | Build | Farm |
| 19:03 | Create | Scout Cavalry |
| 19:09 | Create | Scout Cavalry |
| 19:12 | Build | Farm |
| 19:19 | Create | Villager (Male) |
| 19:25 | Build | Farm |
| 19:27 | Create | Villager (Male) |
| 19:49 | Create | Villager (Male) |
| 19:49 | Create | Villager (Male) |
| 19:51 | Create | Villager (Male) |
| 19:53 | Create | Villager (Male) |
| 19:59 | Build | Farm |
| 20:21 | Create | Villager (Male) |
| 20:22 | Create | Villager (Male) |
| 20:23 | Build | Farm |
| 20:25 | Build | Farm |
| 20:34 | Build | Farm |
| 20:35 | Build | Farm |
| 20:49 | Create | Villager (Male) |
| 20:49 | Create | Villager (Male) |
| 20:51 | Build | Farm |
| 20:55 | Research | Forging |
| 21:00 | Research | Light Cavalry (upgrade) |
| 21:06 | Create | Villager (Male) |
| 21:07 | Build | Farm |
| 21:11 | Build | House |
| 21:13 | Build | House |
| 21:15 | Build | House |
| 21:16 | Build | House |
| 21:18 | Research | Town Watch |
| 21:40 | Create | Scout Cavalry |
| 21:41 | Create | Scout Cavalry |
| 21:43 | Create | Villager (Male) |
| 21:44 | Create | Villager (Male) |
| 21:46 | Build | Farm |
| 21:52 | Build | Mining Camp |
| 21:58 | Research | Husbandry |
| 22:18 | Create | Villager (Male) |
| 22:18 | Create | Villager (Male) |
| 22:20 | Build | Farm |
| 22:23 | Build | Farm |
| 22:28 | Create | Scout Cavalry |
| 22:29 | Create | Scout Cavalry |
| 22:33 | Create | Villager (Male) |
| 22:33 | Create | Villager (Male) |
| 22:45 | Build | Barracks |
| 22:46 | Build | Barracks |
| 22:47 | Build | Barracks |
| 22:50 | Build | Farm |
| 22:51 | Create | Villager (Male) |
| 22:51 | Create | Villager (Male) |
| 23:00 | Build | Farm |
| 23:03 | Create | Scout Cavalry |
| 23:06 | Research | Scale Barding Armor |
| 23:19 | Create | Villager (Male) |
| 23:19 | Create | Villager (Male) |
| 23:21 | Build | Farm |
| 23:23 | Build | Farm |
| 23:27 | Create | Villager (Male) |
| 23:27 | Create | Villager (Male) |
| 23:34 | Research | Gold Mining |
Build order — anpleee
First 150 of 406 actions detected
| 0:01 | Create | Villager (Male) |
| 0:01 | Create | Villager (Male) |
| 0:02 | Build | House |
| 0:04 | Build | House |
| 0:24 | Build | House |
| 0:24 | Build | House |
| 0:28 | Create | Villager (Male) |
| 0:28 | Create | Villager (Male) |
| 1:05 | Build | Lumber Camp |
| 1:20 | Create | Villager (Male) |
| 1:56 | Create | Villager (Male) |
| 2:25 | Create | Villager (Male) |
| 2:52 | Create | Villager (Male) |
| 3:16 | Create | Villager (Male) |
| 3:40 | Create | Villager (Male) |
| 4:05 | Create | Villager (Male) |
| 4:13 | Create | Villager (Male) |
| 4:42 | Build | Mill |
| 4:49 | Create | Villager (Male) |
| 5:18 | Create | Villager (Male) |
| 5:31 | Create | Villager (Male) |
| 6:03 | Create | Villager (Male) |
| 6:25 | Create | Villager (Male) |
| 6:26 | Create | Villager (Male) |
| 7:16 | Build | Mining Camp |
| 7:24 | Create | Villager (Male) |
| 7:26 | Research | Loom |
| 7:48 | Build | Mill |
| 8:12 | Research | Feudal Age |
| 8:49 | Build | House |
| 8:54 | Build | Barracks |
| 9:12 | Build | House |
| 9:33 | Create | Villager (Male) |
| 9:33 | Create | Villager (Male) |
| 9:33 | Create | Villager (Male) |
| 10:08 | Build | House |
| 10:14 | Build | Palisade Wall |
| 10:31 | Age | Feudal Age |
| 10:33 | Research | Double-Bit Axe |
| 11:03 | Build | Market |
| 11:06 | Build | Blacksmith |
| 11:23 | Build | Farm |
| 11:30 | Create | Villager (Male) |
| 11:48 | Build | Farm |
| 12:05 | Create | Villager (Male) |
| 12:06 | Create | Villager (Male) |
| 12:14 | Build | Farm |
| 12:39 | Build | Farm |
| 12:42 | Build | Farm |
| 12:45 | Build | Farm |
| 13:04 | Research | Castle Age |
| 13:28 | Build | Mining Camp |
| 13:53 | Research | Stone Mining |
| 14:02 | Research | Gold Mining |
| 15:09 | Build | Farm |
| 15:19 | Create | Villager (Male) |
| 15:20 | Create | Villager (Male) |
| 15:20 | Create | Villager (Male) |
| 15:44 | Age | Castle Age |
| 15:55 | Build | Town Center |
| 16:00 | Create | Villager (Male) |
| 16:18 | Create | Spearman |
| 16:37 | Create | Villager (Male) |
| 16:50 | Build | Town Center |
| 17:08 | Create | Villager (Male) |
| 17:08 | Create | Villager (Male) |
| 17:09 | Create | Villager (Male) |
| 17:09 | Create | Villager (Male) |
| 17:20 | Research | Bow Saw |
| 17:27 | Build | Farm |
| 17:39 | Build | House |
| 17:40 | Build | House |
| 17:43 | Create | Villager (Male) |
| 17:43 | Create | Villager (Male) |
| 17:59 | Build | Farm |
| 18:01 | Build | Farm |
| 18:09 | Research | Horse Collar |
| 18:09 | Research | Horse Collar |
| 18:15 | Create | Villager (Male) |
| 18:26 | Build | Farm |
| 18:31 | Create | Villager (Male) |
| 18:31 | Create | Villager (Male) |
| 18:48 | Build | Farm |
| 18:51 | Build | Farm |
| 18:53 | Create | Villager (Male) |
| 18:57 | Build | Farm |
| 18:59 | Create | Villager (Male) |
| 19:01 | Build | Farm |
| 19:16 | Build | Castle |
| 19:23 | Create | Villager (Male) |
| 19:23 | Create | Villager (Male) |
| 19:24 | Create | Villager (Male) |
| 19:28 | Build | Farm |
| 19:29 | Build | Farm |
| 19:43 | Create | Villager (Male) |
| 19:43 | Create | Villager (Male) |
| 19:47 | Create | Villager (Male) |
| 19:47 | Create | Villager (Male) |
| 19:48 | Create | Villager (Male) |
| 19:55 | Build | Farm |
| 20:11 | Create | Villager (Male) |
| 20:17 | Build | Farm |
| 20:20 | Create | Villager (Male) |
| 20:21 | Create | Villager (Male) |
| 20:21 | Create | Villager (Male) |
| 20:35 | Create | Villager (Male) |
| 20:45 | Build | Siege Workshop |
| 20:47 | Create | Villager (Male) |
| 20:47 | Create | Villager (Male) |
| 20:47 | Create | Villager (Male) |
| 20:54 | Create | Villager (Male) |
| 20:57 | Build | Farm |
| 21:14 | Create | Villager (Male) |
| 21:15 | Create | Villager (Male) |
| 21:15 | Create | Villager (Male) |
| 21:22 | Build | House |
| 21:23 | Build | House |
| 21:31 | Create | Gbeto |
| 21:48 | Build | Farm |
| 21:50 | Build | Farm |
| 21:51 | Create | Villager (Male) |
| 21:52 | Create | Villager (Male) |
| 21:52 | Create | Villager (Male) |
| 21:52 | Create | Villager (Male) |
| 21:52 | Create | Villager (Male) |
| 21:53 | Create | Villager (Male) |
| 22:10 | Build | Farm |
| 22:11 | Build | Farm |
| 22:13 | Build | Farm |
| 22:15 | Build | Farm |
| 22:17 | Build | House |
| 22:18 | Build | House |
| 22:20 | Create | Villager (Male) |
| 22:21 | Create | Villager (Male) |
| 22:21 | Create | Villager (Male) |
| 22:21 | Create | Villager (Male) |
| 22:34 | Create | Villager (Male) |
| 22:35 | Create | Villager (Male) |
| 22:37 | Build | Farm |
| 22:53 | Create | Villager (Male) |
| 22:54 | Create | Villager (Male) |
| 22:54 | Create | Villager (Male) |
| 22:55 | Build | Farm |
| 23:01 | Build | Farm |
| 23:02 | Create | Villager (Male) |
| 23:03 | Create | Villager (Male) |
| 23:06 | Build | Farm |
| 23:19 | Build | Lumber Camp |
| 23:24 | Build | Farm |
| 23:30 | Create | Villager (Male) |
Build order — Marco Aurelio
First 150 of 713 actions detected
| 0:01 | Create | Villager (Male) |
| 0:01 | Create | Villager (Male) |
| 0:02 | Build | House |
| 0:03 | Build | House |
| 0:05 | Create | Villager (Male) |
| 0:06 | Create | Villager (Male) |
| 1:26 | Create | Villager (Male) |
| 2:06 | Create | Villager (Male) |
| 2:13 | Build | Lumber Camp |
| 2:21 | Create | Villager (Male) |
| 2:43 | Create | Villager (Male) |
| 3:10 | Create | Villager (Male) |
| 3:32 | Build | House |
| 3:48 | Create | Villager (Male) |
| 3:48 | Create | Villager (Male) |
| 4:07 | Build | House |
| 4:36 | Create | Villager (Male) |
| 4:38 | Create | Villager (Male) |
| 5:18 | Create | Villager (Male) |
| 5:19 | Create | Villager (Male) |
| 5:22 | Build | Mill |
| 5:51 | Create | Villager (Male) |
| 5:51 | Create | Villager (Male) |
| 5:51 | Create | Villager (Male) |
| 6:26 | Create | Villager (Male) |
| 6:29 | Build | Mill |
| 6:33 | Build | Mill |
| 7:05 | Create | Villager (Male) |
| 7:55 | Create | Villager (Male) |
| 7:58 | Research | Feudal Age |
| 8:38 | Build | Mining Camp |
| 9:28 | Create | Villager (Male) |
| 9:53 | Build | Farm |
| 10:08 | Age | Feudal Age |
| 10:10 | Build | House |
| 10:20 | Build | Market |
| 10:26 | Create | Villager (Male) |
| 10:56 | Create | Villager (Male) |
| 11:00 | Build | Blacksmith |
| 11:24 | Build | Farm |
| 11:45 | Research | Castle Age |
| 11:45 | Research | Castle Age |
| 11:56 | Build | Mining Camp |
| 11:57 | Create | Villager (Male) |
| 12:31 | Research | Double-Bit Axe |
| 12:31 | Research | Horse Collar |
| 12:53 | Build | Farm |
| 13:10 | Research | Horse Collar |
| 13:10 | Research | Horse Collar |
| 13:13 | Build | Farm |
| 13:16 | Build | Farm |
| 13:20 | Build | Farm |
| 14:07 | Create | Villager (Male) |
| 14:25 | Age | Castle Age |
| 14:39 | Build | Town Center |
| 14:39 | Create | Villager (Male) ×4 |
| 14:56 | Build | House |
| 15:05 | Create | Villager (Male) |
| 15:15 | Build | Town Center |
| 15:33 | Build | House |
| 15:34 | Build | House |
| 15:42 | Research | Bow Saw |
| 15:42 | Research | Bow Saw |
| 15:46 | Create | Villager (Male) |
| 16:09 | Create | Villager (Male) |
| 16:11 | Build | Farm |
| 16:24 | Create | Villager (Male) |
| 16:25 | Create | Villager (Male) |
| 16:27 | Create | Villager (Male) |
| 16:44 | Create | Villager (Male) |
| 16:59 | Build | Farm |
| 16:59 | Build | Farm |
| 17:02 | Create | Villager (Male) |
| 17:02 | Create | Villager (Male) |
| 17:08 | Build | House |
| 17:09 | Create | Villager (Male) |
| 17:09 | Create | Villager (Male) |
| 17:14 | Build | Farm |
| 17:17 | Build | Farm |
| 17:18 | Create | Villager (Male) |
| 17:32 | Research | Heavy Plow |
| 17:32 | Research | Heavy Plow |
| 17:38 | Build | Farm |
| 17:51 | Build | Farm |
| 17:52 | Build | Farm |
| 17:54 | Create | Villager (Male) |
| 18:01 | Create | Villager (Male) |
| 18:12 | Create | Villager (Male) |
| 18:19 | Build | Farm |
| 18:21 | Build | Farm |
| 18:24 | Create | Villager (Male) |
| 18:24 | Create | Villager (Male) |
| 18:27 | Build | Farm |
| 18:28 | Create | Villager (Male) |
| 18:28 | Create | Villager (Male) |
| 18:41 | Build | Farm |
| 18:47 | Create | Villager (Male) |
| 18:47 | Create | Villager (Male) |
| 18:58 | Build | Farm |
| 19:02 | Create | Villager (Male) |
| 19:09 | Create | Villager (Male) |
| 19:09 | Create | Villager (Male) |
| 19:11 | Create | Villager (Male) |
| 19:11 | Create | Villager (Male) |
| 19:19 | Build | Farm |
| 19:20 | Create | Villager (Male) |
| 19:32 | Research | Wheelbarrow |
| 19:39 | Create | Villager (Male) |
| 19:44 | Create | Villager (Male) |
| 19:45 | Build | Farm |
| 19:48 | Build | Farm |
| 19:49 | Create | Villager (Male) |
| 19:54 | Build | Farm |
| 19:57 | Research | Loom |
| 20:02 | Create | Villager (Male) |
| 20:05 | Build | Farm |
| 20:05 | Build | Farm |
| 20:09 | Build | Farm |
| 20:10 | Create | Villager (Male) |
| 20:12 | Create | Villager (Male) |
| 20:19 | Create | Villager (Male) |
| 20:22 | Build | Farm |
| 20:29 | Build | House |
| 20:31 | Build | House |
| 20:33 | Create | Villager (Male) |
| 20:49 | Build | Farm |
| 20:50 | Create | Villager (Male) |
| 20:56 | Build | Farm |
| 20:57 | Create | Villager (Male) ×4 |
| 21:19 | Create | Villager (Male) |
| 21:34 | Create | Villager (Male) |
| 21:37 | Create | Villager (Male) |
| 21:39 | Build | Farm |
| 21:45 | Build | House |
| 21:54 | Create | Villager (Male) |
| 22:00 | Build | Barracks |
| 22:05 | Create | Villager (Male) |
| 22:15 | Build | Castle |
| 22:33 | Create | Villager (Male) |
| 22:38 | Research | Fletching |
| 22:40 | Create | Villager (Male) |
| 22:41 | Create | Villager (Male) |
| 22:44 | Build | Farm |
| 22:45 | Build | Farm |
| 22:47 | Create | Villager (Male) |
| 22:52 | Build | Farm |
| 22:54 | Build | Farm |
| 22:55 | Create | Villager (Male) |
| 22:59 | Research | Gold Mining |
| 23:07 | Create | Villager (Male) |
Match timeline
| 4:55 | OperadoR · wall_segment Palisade Wall x1 |
| 4:58 | OperadoR · wall_segment Palisade Wall x1 |
| 5:03 | OperadoR · wall_segment Palisade Wall x1 |
| 5:06 | OperadoR · wall_segment Palisade Wall x1 |
| 8:52 | OperadoR · first_building Barracks |
| 8:54 | anpleee · first_building Barracks |
| 10:08 | Marco Aurelio · age_up feudal |
| 10:14 | anpleee · wall_segment Palisade Wall x1 |
| 10:31 | anpleee · age_up feudal |
| 11:00 | OperadoR · age_up feudal |
| 11:02 | OperadoR · first_building Stable |
| 11:03 | ing.alexander02 · age_up feudal |
| 12:53 | anpleee · first_market_buy 100 food |
| 12:58 | anpleee · first_market_sell 100 wood |
| 14:25 | Marco Aurelio · age_up castle |
| 14:30 | OperadoR · age_up castle |
| 14:39 | OperadoR · first_building Monastery |
| 14:59 | ing.alexander02 · age_up castle |
| 15:12 | ing.alexander02 · first_building Monastery |
| 15:28 | ing.alexander02 · first_building Stable |
| 15:44 | anpleee · age_up castle |
| 17:04 | Marco Aurelio · first_market_sell 100 wood |
| 17:05 | Marco Aurelio · first_market_buy 100 food |
| 19:16 | anpleee · first_building Castle |
| 20:45 | anpleee · first_building Siege Workshop |
| 22:00 | Marco Aurelio · first_building Barracks |
| 22:15 | Marco Aurelio · first_building Castle |
| 22:45 | ing.alexander02 · first_building Barracks |
| 24:38 | Marco Aurelio · first_building Archery Range |
| 25:47 | ing.alexander02 · first_market_buy 100 stone |
| 27:17 | OperadoR · first_building Siege Workshop |
| 27:49 | Marco Aurelio · age_up imperial |
| 29:12 | anpleee · first_building Stable |
| 29:34 | Marco Aurelio · first_building Monastery |
| 31:05 | ing.alexander02 · age_up imperial |
| 31:11 | anpleee · age_up imperial |
| 31:23 | OperadoR · age_up imperial |
| 31:49 | OperadoR · wall_segment Stone Wall x4 |
| 32:09 | ing.alexander02 · first_building Castle |
| 32:37 | OperadoR · first_building Castle |
| 33:25 | ing.alexander02 · first_building Siege Workshop |
| 33:42 | OperadoR · first_market_sell 500 food |
| 34:19 | OperadoR · first_building Archery Range |
| 38:09 | anpleee · first_building Archery Range |
| 40:23 | Marco Aurelio · first_building Siege Workshop |
| 46:39 | OperadoR · resign |
[ AI ANALYSIS · 1 CREDIT ]
What really happened in this match?
Wolo.gg analyzes every decision: build order, eco, micro, common mistakes by bracket. Personalized analysis on WhatsApp or Discord in 30 seconds.
Civ guide
Lithuanians
Map guide
Arena
Perfil
Jugador #8965829